 Dungeon Crawl Stone Soup version 0.21.1-1-g345015fe64 (webtiles) character file.

12168 Peloso the Carver (level 11, -8/85 HPs)
             Began as a Demonspawn Fighter on Apr 15, 2018.
             Was an Elder of Okawaru.
             Mangled by a red ugly thing (18 damage)
             ... on level 11 of the Dungeon.
             The game lasted 00:30:28 (12634 turns).

Peloso the Carver (Demonspawn Fighter)             Turns: 12634, Time: 00:30:29

Health: -8/85      AC: 29    Str: 20    XL:     11   Next: 58%
Magic:  10/12      EV: 10    Int: 10    God:    Okawaru [****..]
Gold:   487        SH: 14    Dex: 12    Spells: 10/10 levels left

rFire    . . .     SeeInvis +   a - +1 long sword
rCold    . . .     Gourm    +   c - +1 shield
rNeg     . . .     Faith    .   g - +0 plate armour
rPois    .         Spirit   .   (helmet restricted)
rElec    .         Reflect  .   y - +2 cloak
rCorr    .         Harm     .   A - +0 pair of gloves
MR       .....                  (no boots)
Stlth    ..........             z - amulet of the gourmand
HPRegen  0.24/turn              p - +2 ring of protection
MPRegen  0.13/turn              F - ring of see invisible

@: heroism
A: antennae 2, iridescent scales 3, nightstalker 1
a: Heroism, Renounce Religion


You were on level 11 of the Dungeon.
You worshipped Okawaru.
Okawaru was greatly pleased with you.
You were completely stuffed.

You visited 2 branches of the dungeon, and saw 12 of its levels.

You collected 543 gold pieces.
You spent 56 gold pieces at shops.

Inventory:

Hand Weapons
 a - a +1 long sword (weapon)
 q - a +0 whip of flaming
Missiles
 d - 6 tomahawks of returning (quivered)
Armour
 c - a +1 shield (worn)
 g - a +0 plate armour (worn)
 y - a +2 cloak (worn)
 A - a +0 pair of gloves (worn)
Jewellery
 b - an uncursed ring of positive energy
 n - an uncursed ring of protection from fire
 p - a +2 ring of protection (left hand)
 z - an amulet of the gourmand (around neck)
 F - a ring of see invisible (right hand)
Wands
 j - a wand of clouds (4)
 m - a wand of paralysis (12)
 C - a wand of random effects (27)
Scrolls
 e - 3 scrolls of remove curse
 h - 4 scrolls of enchant armour
 i - a scroll of blinking {unknown}
 k - a scroll of fear
 r - 2 scrolls of amnesia
 s - 6 scrolls of teleportation
Potions
 l - 2 potions of magic
 o - 2 potions of cancellation
 v - 2 potions of ambrosia
 x - 2 potions of berserk rage
 B - a potion of flight
 E - a potion of heal wounds
Books
 t - a book of Minor Magic

   Spells                             Type                      Level
   a - Magic Dart                     Conjuration                  1
   b - Blink                          Translocation                2
   c - Call Imp                       Summoning                    2
   d - Slow                           Hexes                        2
   e - Conjure Flame                  Conjuration/Fire             3
   f - Mephitic Cloud                 Conjuration/Poison/Air       3
 u - a book of Cantrips

   Spells                             Type                      Level
   a - Confusing Touch                Hexes                        1
   b - Animate Skeleton               Necromancy                   1
   c - Summon Small Mammal            Summoning                    1
   d - Apportation                    Translocation                1
 D - a book of Misfortune

   Spells                             Type                      Level
   a - Confusing Touch                Hexes                        1
   b - Confuse                        Hexes                        3
   c - Gell's Gravitas                Translocation                3
   d - Petrify                        Transmutation/Earth          4
   e - Metabolic Englaciation         Hexes/Ice                    5
   f - Yara's Violent Unravelling     Hexes/Transmutation          5
Comestibles
 f - 21 rations
 w - a chunk of flesh


   Skills:
 + Level 7.6(12.6) Fighting
 + Level 10.8(15.8) Long Blades
 + Level 0.4(5.4) Throwing
 + Level 7.9(12.9) Armour
 + Level 2.7(7.7) Dodging
 + Level 0.3(5.3) Stealth
 + Level 8.9(13.9) Shields
 + Level 2.1 Invocations


You had 10 spell levels left.
You didn't know any spells.

Dungeon Overview and Level Annotations

Branches:
Dungeon (11/15)            Temple (1/1) D:6            Lair (0/6) D:10
    Orc: D:9-12

Altars:
Cheibriados
Dithmenos
Fedhas
Gozag
Kikubaaqudgha
Makhleb
Nemelex Xobeh
Okawaru
Qazlal
Ru
Sif Muna
Trog
Uskayaw
Vehumet
Xom
Zin
The Shining One

Shops:
D:6 :   D:10 ?

Annotations:
D:6 Goboxel's ghost, novice GnSk


Innate Abilities, Weirdness & Mutations

You have a pair of antennae on your head.
You are completely covered in iridescent scales. (AC +6)
You are slightly more attuned to the shadows.


Message History

The red ugly thing is heavily wounded.
You block the red ugly thing's attack.
Items here: )))) [[ †† The red ugly thing barely misses you.
You gain the combat prowess of a mighty hero.
You block the red ugly thing's attack.
You hit the red ugly thing.
The red ugly thing is heavily wounded.
You barely miss the red ugly thing.
The red ugly thing is heavily wounded.
The red ugly thing misses you.
You barely miss the red ugly thing.
The red ugly thing is heavily wounded.
The red ugly thing tail-slaps you but does no damage.
You slash the red ugly thing!
The red ugly thing is severely wounded.
The red ugly thing tail-slaps you.
* * * LOW HITPOINT WARNING * * *
You are engulfed in flames!!
You die...

#h #..##
#..............
##..#...#
#..####........
#.....### #..#
###......
##..#)..# #..#
#......
#.#.##.####.##
##...†.
..{###†)##...#
#...## ##
#))###...# #...#.
#####.###...#
#...#.
........u@.<.####
#...#.
................##
##...#.
..#######.........
.....#. #
#......... .... #.
#........# #...#'
#........# #...^.
#........# ######
#........#
#......###


You could see a red ugly thing.

Vanquished Creatures
  A stone giant (D:9)
  3 two-headed ogres
  3 unseen horrors
  Joseph (D:7)
  A gargoyle (D:10)
  A queen bee (D:9)
  A hornet (D:11)
  Sigmund (D:2)
  A wyvern (D:11)
  10 yaks
  Edmund (D:6)
  A warg (D:11)
  5 orc warriors
  3 sky beasts
  A phantom (D:8)
  2 ice beasts
  4 ogres
  4 centaurs
  2 big kobolds
  5 bullfrogs
  2 scorpions
  15 killer bees
  7 wights
  2 howler monkeys (D:6)
  6 crimson imps
  2 bullfrog zombies
  4 jellies
  A centaur zombie (D:5)
  4 hounds
  3 orc priests
  3 bullfrog skeletons
  3 centaur skeletons
  7 orc wizards
  4 iguanas
  7 worker ants
  A howler monkey zombie (D:6)
  8 adders
  2 shadow imps (D:8)
  2 adder zombies (D:7)
  3 worms (D:3)
  2 dart slugs
  7 leopard geckos
  35 orcs
  9 giant cockroaches
  10 goblins
  10 hobgoblins
  16 jackals
  17 kobolds
  10 quokkas
  3 ball pythons
  4 bats
  7 frilled lizards
  A leopard gecko zombie (D:7)
  9 rats
  A plant (D:10)
278 creatures vanquished.

Notes
Turn   | Place    | Note
-------+----------+-------------------------------------------
     0 | D:1      | Peloso the Demonspawn Fighter began the quest for the Orb.
     0 | D:1      | Reached XP level 1. HP: 18/18 MP: 1/1
   110 | D:1      | Gained mutation: You are partially covered in iridescent scales. (AC +2) [demonic ancestry]
   110 | D:1      | Reached XP level 2. HP: 24/24 MP: 2/2
   129 | D:1      | Reached skill level 2 in Long Blades
   848 | D:2      | Reached XP level 3. HP: 18/29 MP: 3/3
  1175 | D:2      | Noticed Sigmund
  1426 | D:2      | Killed Sigmund
  1426 | D:2      | Reached skill level 3 in Long Blades
  1426 | D:2      | Reached skill level 1 in Dodging
  1426 | D:2      | Reached XP level 4. HP: 12/37 MP: 4/4
  1426 | D:2      | Reached XP level 5. HP: 14/42 MP: 5/5
  1915 | D:3      | Found an opulent altar of Gozag.
  2315 | D:3      | Gained mutation: You have a pair of small antennae on your head. [demonic ancestry]
  2315 | D:3      | Reached XP level 6. HP: 48/48 MP: 6/6
  2728 | D:4      | Reached skill level 4 in Long Blades
  3137 | D:4      | Noticed a sky beast
  3153 | D:4      | Killed a sky beast
  3226 | D:4      | Gained mutation: You are mostly covered in iridescent scales. (AC +4) [demonic ancestry]
  3226 | D:4      | Reached XP level 7. HP: 44/53 MP: 7/7
  3327 | D:4      | Found a shimmering altar of Xom.
  3327 | D:4      | Found a burning altar of Makhleb.
  3332 | D:4      | Reached skill level 5 in Long Blades
  3625 | D:5      | Entered Level 5 of the Dungeon
  3935 | D:5      | Killed an unseen horror
  3935 | D:5      | Reached skill level 6 in Long Blades
  3935 | D:5      | Gained mutation: You are completely covered in iridescent scales. (AC +6) [demonic ancestry]
  3935 | D:5      | Reached XP level 8. HP: 23/61 MP: 8/8
  4154 | D:5      | Found a radiant altar of Vehumet.
  4154 | D:5      | Found a shadowy altar of Dithmenos.
  4702 | D:6      | Reached skill level 5 in Armour
  4839 | D:6      | Reached skill level 5 in Shields
  4889 | D:6      | Noticed Edmund
  4950 | D:6      | Killed Edmund
  4950 | D:6      | Reached skill level 5 in Fighting
  4950 | D:6      | Reached skill level 7 in Long Blades
  4988 | D:6      | Found a staircase to the Ecumenical Temple.
  4995 | Temple   | Entered the Ecumenical Temple
  5102 | Temple   | Became a worshipper of Warmaster Okawaru
  5211 | D:6      | Gained mutation: You have a pair of antennae on your head. [demonic ancestry]
  5211 | D:6      | Reached XP level 9. HP: 34/68 MP: 9/9
  5294 | D:6      | Noticed Goboxel's ghost (novice GnSk)
  5474 | D:6      | Found Budust's Book Shop.
  6275 | D:7      | Reached * piety under Okawaru
  6408 | D:7      | Reached skill level 8 in Long Blades
  6576 | D:7      | Noticed Joseph
  6599 | D:7      | Killed Joseph
  6838 | D:8      | Found a hide-covered altar of Uskayaw.
  7034 | D:8      | Found a glowing golden altar of the Shining One.
  7082 | D:8      | Noticed a two-headed ogre
  7367 | D:8      | Killed a two-headed ogre
  7367 | D:8      | Reached ** piety under Okawaru
  7367 | D:8      | Reached skill level 9 in Long Blades
  7367 | D:8      | Gained mutation: You are slightly more attuned to the shadows. [demonic ancestry]
  7367 | D:8      | Reached XP level 10. HP: 76/76 MP: 7/10
  8548 | D:8      | Reached skill level 1 in Invocations
  9849 | D:8      | Reached *** piety under Okawaru
 10439 | D:9      | Noticed a stone giant
 10468 | D:9      | Killed a stone giant
 10468 | D:9      | Reached **** piety under Okawaru
 10468 | D:9      | Reached skill level 10 in Long Blades
 10468 | D:9      | Reached XP level 11. HP: 43/84 MP: 10/12
 10965 | D:10     | Entered Level 10 of the Dungeon
 10996 | D:10     | Noticed an unseen horror
 11028 | D:10     | Killed an unseen horror
 11624 | D:10     | Found a staircase to the Lair.
 11752 | D:10     | Noticed an unseen horror
 11777 | D:10     | Killed an unseen horror
 11834 | D:10     | Noticed a two-headed ogre
 11836 | D:10     | Noticed a two-headed ogre
 11853 | D:10     | Killed a two-headed ogre
 11864 | D:10     | Killed a two-headed ogre
 11963 | D:10     | Found Pirogriuc's Magic Scroll Boutique.
 12017 | D:10     | Bought a scroll of identify for 28 gold pieces
 12017 | D:10     | Bought a scroll of identify for 28 gold pieces
 12529 | D:11     | Paralysed by a hornet for 3 turns
 12619 | D:11     | Noticed a red ugly thing
 12634 | D:11     | Mangled by a red ugly thing

Skill      XL: |  1  2  3  4  5  6  7  8  9 10 11 |
---------------+----------------------------------+-----
Long Blades    | 2 3 4 6 7 9 10 | 10.8
Armour         | 3 4 5 7 |  7.9
Shields        | 3 4 5 6 8 |  8.9
Dodging        | 1 2 |  2.7
Fighting       | 4 5 6 7 |  7.6
Invocations    | 1 2 |  2.1
Throwing       | |  0.4
Stealth        | |  0.3

Action                   |  1- 3 |  4- 6 |  7- 9 | 10-12 || total
-------------------------+-------+-------+-------+-------++-------
Melee: Long sword        |   125 |   199 |   659 |   735 ||  1718
Throw: Tomahawk          |       |       |     2 |       ||     2
Invok: Heroism           |       |       |     2 |    12 ||    14
  Use: Potion            |     1 |     1 |     4 |     4 ||    10
       Scroll            |       |     6 |    10 |     6 ||    22
 Stab: Distracted        |       |       |       |     1 ||     1
  Eat: Chunk             |     1 |     7 |    18 |    20 ||    46
       Ration            |       |       |     1 |       ||     1
Armor: Scale mail        |    72 |    32 |       |       ||   104
       Chain mail        |       |    61 |   251 |       ||   312
       Plate armour      |       |       |    83 |   431 ||   514
Dodge: Dodged            |    49 |    50 |   112 |   148 ||   359
Block: Shield            |    70 |   114 |   313 |   564 ||  1061
       Rpst.: Long sword |    15 |    19 |    37 |    52 ||   123
